 Dungeon Crawl Stone Soup version 0.29.1-13-g9f3cf754e1 (webtiles) character file.

Game seed: 3753410396105714382

35 daybreaker the Ruffian (level 3, -3/30 HPs)
             Began as a Ghoul Gladiator on Feb 6, 2023.
             Slain by a goblin
             ... wielding a +0 club
              (4 damage)
             ... on level 2 of the Dungeon.
             The game lasted 00:05:29 (286 turns).

daybreaker the Ruffian (Ghoul Gladiator)             Turns: 286, Time: 00:05:30

Health: -3/30      AC:  4    Str: 18 (19) XL:     3   Next: 33%
Magic:  2/2        EV: 12    Int:  6 (9)  God:
Gold:   27         SH:  0    Dex:  9 (10) Spells: 2/2 levels left

rFire   . . .      SeeInvis .   k - +0 whip
rCold   + . .      Faith    .   (no shield)
rNeg    + + +      Spirit   .   a - +0 leather armour
rPois   ∞          Reflect  .   b - +0 helmet
rElec   .          Harm     .   (no cloak)
rCorr   .          Rampage  .   (no gloves)
Will    .....                   (no boots)
Stlth   +.........              (no amulet)
HPRegen 0.00/turn               f - +6 ring of intelligence
MPRegen 0.08/turn               (no ring)

@: brilliant, inhibited regen
A: claws 1, cold resistance 1, negative energy resistance 3, inhibited
regeneration, torment resistance 2, devour on kill
a: no special abilities


You were on level 2 of the Dungeon.
You visited 1 branch of the dungeon, and saw 2 of its levels.

You collected 27 gold pieces.

Inventory:

Hand Weapons
 k - a +0 whip (weapon)
Missiles
 c - 3 throwing nets (quivered)
 d - a javelin
 j - 5 stones
Armour
 a - a +0 leather armour (worn)
 b - a +0 helmet (worn)
 i - a +0 robe
Jewellery
 f - a +6 ring of intelligence (left claw)


   Skills:
 + Level 2.3 Fighting
 + Level 2.0 Throwing
 + Level 0.5 Armour
 + Level 3.0 Dodging
 + Level 4.0 Unarmed Combat


You had 2 spell levels left.
You didn't know any spells.
Your spell library was empty.

Dungeon Overview and Level Annotations

Branches:
Dungeon (2/15)

Altars:


Innate Abilities, Weirdness & Mutations

You are immune to poison.
You have sharp fingernails.
Your flesh is cold resistant. (rC+)
You are immune to negative energy. (rN+++)
You do not regenerate when monsters are visible.
You are immune to unholy pain and torment.
You thrive by killing the living.


Message History

The goblin closely misses you.
It was a potion of brilliance.
You feel clever all of a sudden. The hobgoblin completely misses you.
The goblin closely misses you. x2
It was a potion of degeneration.
There was something very wrong with that liquid.
You feel weakened.
You feel dopey.
You feel clumsy. The goblin hits you with a +0 club.
* * * LOW HITPOINT WARNING * * *
The hobgoblin misses you. The goblin barely misses you.
Unknown command.
You hit the hobgoblin.
You kill the hobgoblin!
You feel better. The goblin hits you but does no damage.
The goblin closely misses you.
You whack the goblin!
You kill the goblin!
The goblin hits you but does no damage. The goblin closely misses you.
You completely miss the hobgoblin. The hobgoblin closely misses you.
The goblin barely misses you. x2; The hobgoblin hits you.
* * * LOW HITPOINT WARNING * * *
The goblin hits you with a +0 club.
* * * LOW HITPOINT WARNING * * *
The goblin closely misses you.
You hit the hobgoblin.
The hobgoblin is severely wounded.
The goblin misses you. The hobgoblin misses you. The goblin misses you.
You barely miss the hobgoblin.
The hobgoblin is severely wounded.
The goblin hits you with a +0 club.
* * * LOW HITPOINT WARNING * * *
The hobgoblin barely misses you. The goblin completely misses you.
You hit the hobgoblin.
You kill the hobgoblin!
The goblin barely misses you. The goblin misses you.
Your Throwing skill increases to level 2!
The goblin barely misses you. The goblin hits you but does no damage.
Items here: ))))))) †††.
You closely miss the goblin. The goblin hits you with a +0 club.
You die...

#.......# #
#.......######.#
#.......##.....#
#..............#
###........#'#..##
#.#.......##.##.#
#.###....#..)# ..
..#.##..####'####..
#... #...##.#g@g#.#
.# #.#
#.>.#..'...'..# #
.<#.##...##.#...#.##
#.......####'####
#..#......#$$$
#......#..##$#
##.#.......###
#.##....#....
#.......#####


You could see 2 goblins.

Vanquished Creatures
  An adder (D:2)
  A worm (D:2)
  2 endoplasms
  A giant cockroach (D:2)
  3 hobgoblins (D:2)
  2 quokkas
  8 goblins (D:2)
  A rat (D:2)
19 creatures vanquished.

Notes
Turn   | Place    | Note
-------+----------+-------------------------------------------
     0 | D:1      | daybreaker the Ghoul Gladiator began the quest for the Orb.
     0 | D:1      | Reached XP level 1. HP: 17/17 MP: 0/0
   165 | D:2      | Reached XP level 2. HP: 20/24 MP: 1/1
   265 | D:2      | Reached XP level 3. HP: 27/29 MP: 2/2
   271 | D:2      | Reached skill level 4 in Unarmed Combat
   283 | D:2      | HP: 1/30 [goblin/+0 club (1)]
   286 | D:2      | Slain by a goblin

Illustrated notes

Levels and vault maps discovered:
D:1:      grunt_arrival_lava_bath, layout_loops_ring
D:2:      cheibrodos_greedy_goblins, layout_loops_cross, minmay_hedge_maze

Skill      XL: |  1  2  3 |
---------------+----------+-----
Dodging        | 3 |  3.0
Unarmed Combat | 4 |  4.0
Throwing       | 2 |  2.0
Fighting       | |  2.3
Armour         | |  0.5

Action                   || total
-------------------------++-------
Melee: Unarmed           ||    33
       Whip              ||    27
       Punch             ||     2
  Use: Scroll            ||     2
       Potion            ||     2
Armor: Leather armour    ||    20
Dodge: Dodged            ||    53
